 Dungeon Crawl Stone Soup version 0.26-b1-32-g5d43845318 (webtiles) character file.

Game seed: 12468357324233530320

512 Goblin1989 the Cudgeller (level 6, -2/55 HPs)
             Began as a Palentonga Fighter on Jan 8, 2021.
             Was a Follower of Okawaru.
             Blown up by Ijyb (26 damage)
             ... with a disintegration bolt
             ... on level 4 of the Dungeon.
             The game lasted 00:08:38 (3061 turns).

Goblin1989 the Cudgeller (Palentonga Fighter)       Turns: 3061, Time: 00:08:39

Health: -2/55      AC: 14    Str: 21    XL:     6   Next: 99%
Magic:  5/7        EV:  6    Int:  9    God:    Okawaru [*.....]
Gold:   122        SH: 11    Dex:  9    Spells: 5/5 levels left

rFire    . . .     SeeInvis +   a - +1 flail
rCold    . . .     Faith    .   c - +0 kite shield
rNeg     + . .     Spirit   .   q - +1 plate armour
rPois    .         Reflect  .   h - +0 helmet
rElec    .         Harm     .   (no cloak)
rCorr    .         Rampage  .   (no gloves)
Will     .....                  (no barding)
Stlth    ..........             (no amulet)
HPRegen  0.18/turn              e - ring of positive energy
MPRegen  0.10/turn              (no ring)

@: heroism
A: large, rugged brown scales 3, see invisible, deformed body, roll 1, armoured
tail
a: Rolling Charge, Renounce Religion, Heroism


You were on level 4 of the Dungeon.
You worshipped Okawaru.
Okawaru was aware of your devotion.
You visited 1 branch of the dungeon, and saw 4 of its levels.
You also visited: Sewer.

You collected 122 gold pieces.

Inventory:

Hand Weapons
 a - a +1 flail (weapon)
Armour
 c - a +0 kite shield (worn)
 h - a +0 helmet (worn)
 q - a +1 plate armour (worn)
Jewellery
 e - a ring of positive energy (left hand)
Wands
 G - a wand of digging (5) {@v1}
Scrolls
 f - 9 scrolls of identify {unknown}
 s - 7 scrolls of teleportation {unknown}
 B - 5 scrolls of blinking
 C - a scroll of enchant weapon
 F - 2 scrolls of fog
Potions
 d - 3 potions of might {@q4}
 g - a potion of mutation {unknown}
 i - 2 potions of magic {unknown}
 m - 5 potions of curing {unknown}
 n - a potion of flight {unknown}
 r - a potion of attraction {unknown}
 D - 2 potions of heal wounds {unknown}
 E - a potion of haste {unknown}


   Skills:
 + Level 4.2(9.2) Fighting
 * Level 4.9(9.9) Maces & Flails
 + Level 3.5(8.5) Armour
 + Level 3.5(8.5) Shields
 + Level 1.7 Invocations


You had 5 spell levels left.
You didn't know any spells.
Your spell library was empty.

Dungeon Overview and Level Annotations

Branches:
Dungeon (4/15)              Sewer (visited)
 Temple: D:4-7

Altars:
Dithmenos
Okawaru
Ru

Annotations:
D:4 Ijyb


Innate Abilities, Weirdness & Mutations

You are completely covered in rugged brown scales. (AC +3, +7% HP)
You have supernaturally acute eyesight. (SInv)
Armour fits poorly on your strangely shaped body.
You can roll at nearby foes to attack.
You have a long armoured tail.


Message History

You closely miss the jackal.
Your tail-slap misses the jackal.
You block the jackal's attack.
You hit the jackal.
The jackal is heavily wounded.
You block the jackal's attack.
The jackal bites you but does no damage.
You block the orc's attack.
You sock the jackal!
You kill the jackal!
Okawaru accepts your kill. The orc hits you but does no damage.
You block the orc's attack.
You hit the orc.
You tail-slap the orc, but do no damage.
The orc is severely wounded.
The orc hits you but does no damage. x2; You block the orc's attack.
Your plate armour prevents you from hitting the orc.
The orc is severely wounded.
The orc hits you with a +0 dagger. The orc hits you but does no damage.
You block the orc's attack.
You take 2 damage, and have 53/55 hp.
You barely miss the orc.
The orc is severely wounded.
The orc hits you but does no damage. The orc hits you with a +0 hand axe.
You block the orc's attack. The orc hits you but does no damage. x2
You take 2 damage, and have 51/55 hp.
You hit the orc.
You kill the orc!
Okawaru accepts your kill. The orc hits you but does no damage. x2
You sock the orc!
You kill the orc!
Okawaru accepts your kill. The orc hits you with a +0 hand axe.
You take 1 damage, and have 50/55 hp.
You thump the orc!
You kill the orc!
Okawaru accepts your kill.
No target in view!
No target in view!
No target in view!
No target in view!
No target in view!
No target in view!
No target in view!
No target in view!
No target in view!
No target in view!
No target in view!
No target in view!
No target in view!
No target in view!
No target in view!
No target in view!
HP restored.
Things that are here:
a +0 dagger; an orc corpse; a jackal corpse Health restored: 55
Found a stone staircase leading up.
Items here: ) [ ††.
Things that are here:
a +0 dagger; an orc corpse; a jackal corpse
Things that are here:
a +0 hand axe; an orc corpse Ijyb the Twisted Goblin comes into view.
She is carrying a wand of disintegration (17).
Ijyb shouts!
Ijyb zaps a wand.
You barely resist.
Ijyb zaps a wand.
You are blasted!
Found a stone staircase leading down.
You take 16 damage, and have 39/55 hp.
MASSIVE DAMAGE!!
You hit Ijyb but do no damage.
Your tail-slap misses Ijyb.
Ijyb grins evilly.
Ijyb zaps a wand.
You are blasted!
* * * LOW HITPOINT WARNING * * *
You are too injured to fight recklessly!
You are too injured to fight recklessly!
You take 16 damage, and have 23/55 hp.
MASSIVE DAMAGE!!
You are too injured to fight recklessly!
You are too injured to fight recklessly!
You are too injured to fight recklessly!
You are too injured to fight recklessly!
You are too injured to fight recklessly!
You are too injured to fight recklessly!
You are too injured to fight recklessly!
You are too injured to fight recklessly!
You are too injured to fight recklessly!
You are too injured to fight recklessly!
You are too injured to fight recklessly!
You are too injured to fight recklessly!
You are too injured to fight recklessly!
You are too injured to fight recklessly!
You gain the combat prowess of a mighty hero.
Ijyb hits you but does no damage.
You now have 5/7 mp.
Unknown command.
You closely miss Ijyb. Ijyb hits you but does no damage.
You hit Ijyb but do no damage. You block Ijyb's attack.
You hit Ijyb but do no damage. Ijyb hits you but does no damage.
You closely miss Ijyb. You block Ijyb's attack.
You hit Ijyb but do no damage.
Ijyb zaps a wand.
You are blasted!
You die...

..█ █.......███ █..██
█.......█..
█...████████..........
█.......).██.......██.
█..███.)............. .
█......).............
...██................███
........█████........█
.█...█.@█ ██.......█
.......g.....█....████
█.....<....█.████.█
█.........>█ ..
█........███ ..██..██..
.. ... █. .... ..


You could see Ijyb.

Vanquished Creatures
  2 bullfrogs (Sewer)
  A hound (D:4)
  An orc wizard (D:3)
  Natasha (thrice) (D:3)
  5 adders
  6 river rats
  4 oozes
  2 worms (D:2)
  2 dart slugs (D:1)
  3 leopard geckos
  10 orcs
  2 giant cockroaches (D:1)
  4 hobgoblins
  12 jackals
  17 ball pythons
  9 bats
  6 frilled lizards
  9 goblins
  9 kobolds
  29 rats
136 creatures vanquished.

Notes
Turn   | Place    | Note
-------+----------+-------------------------------------------
     0 | D:1      | Goblin1989 the Palentonga Fighter began the quest for the
                  | Orb.
     0 | D:1      | Reached XP level 1. HP: 20/20 MP: 1/1
   192 | D:1      | Reached XP level 2. HP: 26/27 MP: 2/2
   214 | D:1      | Goblin1989: !apt pa
   214 | D:1      | meem: Pa: Fighting: 0, Short: 0, Long: 0, Axes: 0, Maces:
                  | 0, Polearms: -1, Staves: 0, Slings: -3, Bows: -2, Xbows:
                  | -2, Throw: -3*, Armour: -2, Dodge: -2*, Stealth: -3,
                  | Shields: -2, UC: 0, Splcast: -1, Conj: -1, Hexes: 0,
                  | Charms: N/A, Summ: -2, Nec: 0, Tloc: 0, Tmut: 0, Fire: -2,
                  | Ice: -2, Air: -2, Earth: -1, Poison: -2, Inv: 1, Evo: -1,
                  | Exp: -1, HP: 1, MP: 0
   428 | D:1      | Reached XP level 3. HP: 31/33 MP: 3/3
  1097 | D:2      | Found a shadowy altar of Dithmenos.
  1389 | D:2      | Reached XP level 4. HP: 40/40 MP: 4/4
  1421 | D:2      | Found an iron altar of Okawaru.
  1421 | D:2      | Found a sacrificial altar of Ru.
  1426 | D:2      | Became a worshipper of Warmaster Okawaru
  1775 | D:3      | Noticed Natasha
  1778 | D:3      | Found a faded altar of an unknown god.
  1786 | D:3      | Killed Natasha
  1787 | D:3      | Reached XP level 5. HP: 35/49 MP: 5/5
  1876 | D:3      | Found a glowing drain.
  1890 | Sewer    | Entered a sewer
  2179 | Sewer    | Reached * piety under Okawaru
  2296 | Sewer    | Reached XP level 6. HP: 49/55 MP: 6/6
  2398 | Sewer    | Reached skill level 1 in Invocations
  2774 | D:3      | Noticed Natasha
  2784 | D:3      | Killed Natasha
  2847 | D:3      | Noticed Natasha
  2851 | D:3      | Killed Natasha
  3052 | D:4      | Noticed Ijyb
  3061 | D:4      | Blown up by Ijyb

Illustrated notes

Levels and vault maps discovered:
D:1:      amcnicky_arrival_wind_blow, layout_loops_cross, serial_bayou_crossing
D:2:      minmay_inner_zag, layout_rooms,
          nicolae_dithmenos_through_a_glass_darkly,
          gammafunk_temple_overflow_statue, hangedman_abyss_or_decor_lesser_grid
D:3:      layout_loops_ring, chequers_ecumenical_altar_island,
          portal_sewer_entry_a, minmay_pentomino_pile, uniq_natasha
D:4:      layout_rooms, uniq_menkaure, uniq_blork_the_orc, uniq_ijyb

Skill      XL: |  1  2  3  4  5  6 |
---------------+-------------------+-----
Maces & Flails | 3 4 |  4.9
Armour         | 3 |  3.5
Shields        | 3 |  3.5
Fighting       | 4 |  4.2
Invocations    | 1 |  1.7

Action                   |  1- 3 |  4- 6 || total
-------------------------+-------+-------++-------
Melee: Flail             |   127 |   243 ||   370
       Tailslap          |    19 |    18 ||    37
Invok: Heroism           |       |     4 ||     4
  Use: Scroll            |       |     7 ||     7
Armor: Scale mail        |    69 |       ||    69
       Plate armour      |       |   241 ||   241
Dodge: Dodged            |    39 |    33 ||    72
Block: Kite shield       |    56 |   163 ||   219
